 Dungeon Crawl Stone Soup version 0.23-a0-359-g9beedce (webtiles) character file.

433 Ijustatesigmund the Conjurer (level 7, -7/44 HPs)
             Began as an Octopode Conjurer on Oct 23, 2018.
             Mangled by Edmund
             ... wielding a +6 dire flail of holy wrath
              (9 damage)
             ... on level 4 of the Dungeon.
             The game lasted 00:08:27 (4343 turns).

Ijustatesigmund the Conjurer (Octopode Conjurer)    Turns: 4343, Time: 00:08:27

Health: -7/44      AC:  1    Str:  7    XL:     7   Next: 0%
Magic:  2/10       EV: 19    Int: 19    God:
Gold:   229        SH:  0    Dex: 18    Spells: 4/10 levels left

rFire    . . .     SeeInvis .   l - +1 rapier
rCold    . . .     Gourm    .   (no shield)
rNeg     . . .     Faith    .   (helmet restricted)
rPois    .         Spirit   .   (no amulet)
rElec    .         Reflect  .   (no ring)
rCorr    .         Harm     .   (no ring)
MR       .....                  (no ring)
Stlth    ++++......             (no ring)
HPRegen  0.14/turn              (no ring)
MPRegen  0.12/turn              (no ring)
                                (no ring)
                                (no ring)

@: agile
A: almost no armour, stealthy swim, amphibious, 8 rings, constrict 8, camouflage
1, gelatinous body 1
a: no special abilities


You were on level 4 of the Dungeon.
You were not hungry.

You visited 1 branch of the dungeon, and saw 4 of its levels.

You collected 229 gold pieces.

Inventory:

Hand Weapons
 l - a +1 rapier (weapon)
Missiles
 a - 3 javelins (quivered)
Wands
 i - a wand of polymorph (8)
Scrolls
 e - a scroll of immolation
 g - 2 scrolls of amnesia
 j - a scroll of enchant armour
 n - a scroll of remove curse
 o - a scroll of teleportation
Potions
 c - a potion of haste {unknown}
 d - a potion of agility
 f - a potion of berserk rage {unknown}
 h - 3 potions of brilliance {unknown}
 k - a potion of cancellation {unknown}
 m - 2 potions of lignification {unknown}
Comestibles
 b - 8 rations
 p - a chunk of flesh


   Skills:
 + Level 1.9 Fighting
 + Level 1.9 Short Blades
 - Level 2.0 Dodging
 - Level 2.6 Stealth
 - Level 2.0 Spellcasting
 - Level 6.3 Conjurations
 - Level 3.6 Hexes


You had 4 spell levels left.
You knew the following spells:

 Your Spells              Type           Power        Failure   Level  Hunger
a - Magic Dart            Conj           ####         1%          1    #......
b - Searing Ray           Conj           ####..       1%          2    ###....
c - Dazzling Spray        Conj/Hex       ###...       7%          3    ###....

Your spell library contained the following spells:

 Spells                   Type           Power        Failure   Level  Hunger
 Iskenderun's Mystic Bla  Conj           ####....     13%         4    #####..
 Fulminant Prism          Conj/Hex       ###.......   22%         4    #####..
 Force Lance              Conj/Tloc      ##......     43%         4    #####..


Dungeon Overview and Level Annotations

Branches:
Dungeon (4/15)
 Temple: D:4-7

Altars:
Ashenzari
Nemelex Xobeh

Annotations:
D:3 2 transporters, Inquiry's ghost, amateur OpGl
D:4 Edmund


Innate Abilities, Weirdness & Mutations

You cannot wear most types of armour.
You are very stealthy in the water. (Stealth+)
You are amphibious.
You can wear up to eight rings at the same time.
You can use your tentacles to constrict eight enemies at once.
Your skin changes colour to match your surroundings (Stealth+).
Your rubbery body absorbs attacks. (AC +1, EV +1)


Message History

You constrict Edmund.
Edmund hits you with a +6 dire flail of holy wrath!
* * * LOW HITPOINT WARNING * * *
You hit Edmund but do no damage.
Edmund is heavily wounded.
You constrict Edmund.
Edmund is no longer blind.
Edmund hits you but does no damage.
It was a potion of agility.
You feel agile all of a sudden.
You constrict Edmund. Edmund misses you.
You hit Edmund.
Edmund is heavily wounded.
You constrict Edmund, but do no damage.
Edmund hits you with a +6 dire flail of holy wrath!
* * * LOW HITPOINT WARNING * * *
You hit Edmund but do no damage. You squeeze Edmund.
Edmund is heavily wounded.
You constrict Edmund.
Edmund hits you with a +6 dire flail of holy wrath!
You die...

##############
####............#
#...........(##.#
#.##.#######.##รท#
##.##.#
#.##.#######
......#
#.##@@.....#
...#..#.
#.##..####.#
..[.....# #.##..#
.......... .......
####..#### #..#. #
..# #..#.# # ....
...# # # ### ##.#
#


You could see Edmund.

Vanquished Creatures
  Grinder (D:3)
  A scorpion (D:4)
  Crazy Yiuf (D:3)
  Natasha (twice) (D:3)
  5 adders
  An adder skeleton (D:4)
  3 worms
  A dart slug (D:3)
  2 leopard geckos (D:3)
  An orc (D:4)
  3 bats
  2 giant cockroaches (D:1)
  4 goblins
  9 hobgoblins
  11 jackals
  A quokka (D:2)
  A ball python (D:1)
  3 frilled lizards
  7 kobolds
  A quokka skeleton (D:4)
  3 rats (D:1)
63 creatures vanquished.

Notes
Turn   | Place    | Note
-------+----------+-------------------------------------------
     0 | D:1      | Ijustatesigmund the Octopode Conjurer began the quest for
                  | the Orb.
     0 | D:1      | Reached XP level 1. HP: 11/11 MP: 3/3
   473 | D:1      | Reached XP level 2. HP: 15/17 MP: 0/5
  1129 | D:1      | Learned a level 2 spell: Searing Ray
  1417 | D:1      | Reached XP level 3. HP: 21/21 MP: 1/6
  1422 | D:1      | Learned a level 3 spell: Dazzling Spray
  1975 | D:2      | Reached skill level 5 in Conjurations
  2083 | D:2      | Reached skill level 1 in Hexes
  2939 | D:3      | Reached XP level 4. HP: 17/27 MP: 7/7
  2949 | D:3      | Noticed Grinder
  2970 | D:3      | Killed Grinder
  2970 | D:3      | Reached skill level 6 in Conjurations
  2970 | D:3      | Reached XP level 5. HP: 3/31 MP: 1/8
  2970 | D:3      | Reached XP level 6. HP: 4/36 MP: 1/9
  3466 | D:3      | Found a transporter.
  3469 | D:3      | Noticed Inquiry's ghost (amateur OpGl)
  3470 | D:3      | Found a transporter.
  3532 | D:3      | Noticed Natasha
  3538 | D:3      | Killed Natasha
  3586 | D:3      | Found a faded altar of an unknown god.
  3601 | D:3      | Found a shattered altar of Ashenzari.
  3865 | D:3      | Noticed Natasha
  3911 | D:3      | Found a runed door.
  3915 | D:3      | Noticed Crazy Yiuf
  3918 | D:3      | Killed Crazy Yiuf
  3918 | D:3      | Reached skill level 1 in Fighting
  3943 | D:3      | Killed Natasha
  3943 | D:3      | Reached skill level 1 in Short Blades
  4251 | D:4      | Found a sparkling altar of Nemelex Xobeh.
  4326 | D:4      | Reached XP level 7. HP: 44/44 MP: 10/10
  4330 | D:4      | Noticed Edmund
  4342 | D:4      | HP: 2/44 [Edmund/+6 dire flail of holy wrath (11)]
  4343 | D:4      | Mangled by Edmund

Vault maps used:
D:1:      elethiomel_arrival_shortcut
D:2:      first_ration
D:3:      gammafunk_ghost_smash, chequers_ecumenical_altar_simple,
          minmay_misc_feat_cross, evilmike_ruin_ashenzari, uniq_grinder,
          uniq_natasha, uniq_crazy_yiuf_cottage
D:4:      nemelex_xobeh_ov_fountains_minmay, grunt_dithmenos_smoke_and_mirrors,
          lightli_sewer_entry_pipes, small_statue_intersection, uniq_edmund

Skill      XL: |  1  2  3  4  5  6 |
---------------+-------------------+-----
Conjurations   | 5 6 |  6.3
Hexes          | 1 3 |  3.6
Fighting       | 1 |  1.9
Short Blades   | 1 |  1.9
Dodging        | |  2.0
Stealth        | |  2.6
Spellcasting   | |  2.0

Action                   |  1- 3 |  4- 6 |  7- 9 || total
-------------------------+-------+-------+-------++-------
Melee: Unarmed           |    28 |       |       ||    28
       Constrict         |     6 |    13 |     1 ||    20
       Tentacles         |     6 |    12 |     2 ||    20
       Rapier            |     5 |    43 |     5 ||    53
Throw: Javelin           |     4 |     1 |       ||     5
 Cast: Magic Dart        |    63 |    31 |     1 ||    95
       Searing Ray       |       |     2 |     1 ||     3
       Dazzling Spray    |       |       |     1 ||     1
  Use: Scroll            |     8 |     1 |       ||     9
       Potion            |       |     3 |     1 ||     4
 Stab: Sleeping          |     1 |     6 |       ||     7
  Eat: Chunk             |     6 |     5 |     1 ||    12
Armor: Skin              |     4 |     3 |       ||     7
Dodge: Dodged            |    22 |    30 |     2 ||    54

Table legend:
 A = Non-vault XP
 B = Vault XP
 C = Vault XP percentage of total XP
 D = Non-vault monster count
 E = Vault monster count
 F = Vault count percentage of total count
                 A         B        C        D         E       F
            +---------+---------+-------+---------+---------+-------
      Total |     275 |     344 |  55.6 |      60 |       3 |   4.8
            +---------+---------+-------+---------+---------+-------
        D:1 |      34 |       0 |   0.0 |      23 |       0 |   0.0
        D:2 |      42 |       0 |   0.0 |      10 |       0 |   0.0
        D:3 |     101 |     344 |  77.3 |      21 |       3 |  12.5
        D:4 |      98 |       0 |   0.0 |       6 |       0 |   0.0
            +---------+---------+-------+---------+---------+-------
